 Dungeon Crawl Stone Soup version 0.23-a0-644-gb60d84b (webtiles) character file.

1731 zishaf the Spear-Bearer (level 9, 0/62 HPs)
             Began as a Merfolk Gladiator on Jan 1, 2019.
             Was an Initiate of Hepliaklqana.
             Killed from afar by an electric eel (15 damage)
             ... with a bolt of electricity
             ... on level 6 of the Dungeon.
             The game lasted 00:12:21 (7313 turns).

zishaf the Spear-Bearer (Merfolk Gladiator)         Turns: 7313, Time: 00:12:22

Health: 0/62       AC: 13    Str: 17    XL:     9   Next: 5%
Magic:  18/18      EV: 13    Int:  7    God:    Hepliaklqana [......]
Gold:   349        SH: 11    Dex: 16    Spells: 8/8 levels left

rFire    . . .     SeeInvis .   a - +1 trident
rCold    . . .     Gourm    .   L - +2 shield
rNeg     . . .     Faith    .   w - +2 ring mail {MR+}
rPois    .         Spirit   .   c - +0 helmet
rElec    .         Reflect  .   C - +1 cloak
rCorr    .         Harm     .   H - +0 pair of gloves
MR       +....                  D - +0 pair of boots
Stlth    +.........             (no amulet)
HPRegen  0.20/turn              j - ring of flight
MPRegen  0.16/turn              E - ring of magical power

@: no status effects
A: change form in water, swift swim, stealthy swim, reduced essence
a: Recall Ancestor, Ancestor Identity, Renounce Religion, Evoke Flight


You were on level 6 of the Dungeon.
You worshipped Hepliaklqana.
Hepliaklqana was noncommittal.
You were hungry.

You visited 2 branches of the dungeon, and saw 7 of its levels.

You collected 349 gold pieces.

Inventory:

Hand Weapons
 a - a +1 trident (weapon)
 b - a +0 fustibalus of freezing
Missiles
 d - 3 throwing nets
 k - 10 tomahawks (quivered)
 q - 137 stones
 G - 89 sling bullets
Armour
 c - a +0 helmet (worn)
 w - a +2 ring mail of magic resistance (worn)
 C - a +1 cloak (worn)
 D - a +0 pair of boots (worn)
 H - a +0 pair of gloves (worn)
 L - a +2 shield (worn)
Jewellery
 j - a ring of flight (left hand)
 E - a ring of magical power (right hand)
Wands
 g - a wand of flame (23)
 v - a wand of digging (5)
 J - a wand of clouds (3)
Scrolls
 h - 5 scrolls of teleportation
 n - a scroll of random uselessness {unknown}
 o - 2 scrolls of enchant weapon
 r - 2 scrolls of amnesia
 u - 3 scrolls of enchant armour
 x - a scroll of fog
 y - 2 scrolls of magic mapping
 F - a scroll of blinking {unknown}
 K - 2 scrolls of fear
Potions
 e - a potion of flight {unknown}
 i - a potion of mutation
 l - 3 potions of lignification
 m - a potion of magic {unknown}
 p - a potion of berserk rage
 s - 5 potions of curing
 t - a potion of invisibility
 z - 2 potions of ambrosia
 A - a potion of might {unknown}
 B - 4 potions of heal wounds
 I - a potion of resistance {unknown}
 N - a potion of cancellation {unknown}
Comestibles
 f - 13 rations


   Skills:
 + Level 5.8 Fighting
 + Level 10.3 Polearms
 - Level 2.0 Throwing
 + Level 3.6 Armour
 - Level 7.0 Dodging
 * Level 3.3 Shields


You had 8 spell levels left.
You didn't know any spells.
Your spell library contained the following spells:

 Spells                   Type           Power        Failure   Level  Hunger
 Magic Dart               Conj           #...         98%         1    ##.....
 Searing Ray              Conj           #.....       99%         2    ###....
 Dazzling Spray           Conj/Hex       #.....       100%        3    ####...
 Force Lance              Conj/Tloc      #.......     100%        4    #####..
 Fulminant Prism          Conj/Hex       #.........   100%        4    #####..
 Iskenderun's Mystic Bla  Conj           #.......     100%        4    #####..


Dungeon Overview and Level Annotations

Branches:
Dungeon (6/15)             Temple (1/1) D:6

Altars:
Ashenzari
Cheibriados
Dithmenos
Elyvilon
Fedhas
Gozag
Hepliaklqana
Kikubaaqudgha
Makhleb
Nemelex Xobeh
Okawaru
Qazlal
Ru
Sif Muna
Trog
Uskayaw
Vehumet
Wu Jian
Xom
Yredelemnul
Zin
The Shining One

Annotations:
D:6 1 transporter


Message History

Aim: an electric eel You reach to attack!
You puncture the electric eel!
The electric eel is almost dead.
Ealamassi hits the plant.
The electric eel shoots out a bolt of lightning at you!
The bolt of electricity hits you! x2
Attack whom?
Press: ? - help, Dir - move target cursor, f/p - electric eel
Aim: an electric eel (almost dead)
You reach to attack!
You closely miss the electric eel.
The electric eel is almost dead.
You are feeling hungry.
The electric eel shoots out a bolt of lightning at you!
The bolt of electricity hits you! x2; The bolt of electricity hits the plant.
Ealamassi hits the plant.
The electric eel shoots out a bolt of lightning at you!
The bolt of electricity hits you!
* * * LOW HITPOINT WARNING * * *
The bolt of electricity hits you!
You die...

#.# #.# #.# ###################
#.# #.................# #.#
#.###############.# #.###
####.#8P#≈≈≈≈≈≈≈#P8#.###...#
.....#..#≈≈≈P≈..#..#.......#
##..©#©$+PP≈⌠≈..@.©#©..#...######
##...#..#P≈≈≈≈..#.R#.............
##.#.#8P#≈≈≈≈≈;;#P8#.......######
#.#.###############......##
#.#......................#
#.#######.......##.......# ##.##
#>##....####....## <...####
#.......## #....## .......#
#........#####...##


You could see the friendly Ealamassi the ancestor and 2 electric eels.

Vanquished Creatures
  Grinder (D:4)
  Sigmund (D:2)
  Eustachio (D:4)
  Edmund (D:4)
  An orc warrior (D:6)
  A sky beast (D:5)
  2 ogres
  Blork the orc (D:5)
  A gnoll sergeant (D:4)
  3 orc priests
  Crazy Yiuf (D:2)
  A centaur skeleton (D:5)
  Ijyb (D:4)
  An iguana (D:4)
  An orc wizard (D:5)
  2 worker ants (D:5)
  Robin (D:3)
  6 adders
  8 gnolls
  2 shadow imps (D:5)
  An ooze (D:3)
  3 adder skeletons
  A worm (D:5)
  3 dart slugs (D:1)
  2 leopard geckos
  14 orcs
  6 bats
  6 giant cockroaches
  15 goblins
  6 hobgoblins
  2 jackals (D:6)
  2 kobolds
  6 quokkas
  6 frilled lizards
  A leopard gecko skeleton (D:4)
  3 rats
114 creatures vanquished.

Vanquished Creatures (collateral kills)
  A phantom (D:6)
  A hound (D:6)
  A leopard gecko (D:6)
3 creatures vanquished.

Grand Total: 117 creatures vanquished

Notes
Turn   | Place    | Note
-------+----------+-------------------------------------------
     0 | D:1      | zishaf the Merfolk Gladiator began the quest for the Orb.
     0 | D:1      | Reached XP level 1. HP: 16/16 MP: 1/1
   189 | D:1      | Reached XP level 2. HP: 12/23 MP: 2/2
   435 | D:1      | Reached skill level 5 in Polearms
   699 | D:1      | Reached XP level 3. HP: 28/28 MP: 3/3
  1805 | D:2      | Noticed Sigmund
  2159 | D:3      | Noticed Robin
  2172 | D:3      | Reached XP level 4. HP: 31/34 MP: 4/4
  2197 | D:3      | Reached skill level 1 in Armour
  2210 | D:3      | HP: 1/34 [Robin/+0 spear (4)]
  2568 | D:3      | Killed Robin
  2623 | D:2      | You fall through a shaft!
  2706 | D:3      | Reached skill level 6 in Polearms
  2918 | D:3      | Found a shimmering altar of Xom.
  3093 | D:2      | Found a runed door.
  3155 | D:2      | Killed Sigmund
  3155 | D:2      | Reached skill level 7 in Polearms
  3155 | D:2      | Reached skill level 5 in Dodging
  3155 | D:2      | Reached XP level 5. HP: 19/41 MP: 5/5
  3155 | D:2      | Reached XP level 6. HP: 22/47 MP: 6/6
  3429 | D:2      | Noticed Crazy Yiuf
  3440 | D:2      | Killed Crazy Yiuf
  3820 | D:4      | Found a sacrificial altar of Ru.
  3856 | D:4      | Noticed Ijyb
  3874 | D:4      | Killed Ijyb
  4079 | D:4      | Noticed Eustachio
  4110 | D:4      | Reached XP level 7. HP: 43/54 MP: 7/7
  4187 | D:4      | Killed Eustachio
  4187 | D:4      | Reached skill level 8 in Polearms
  4576 | D:4      | Noticed Edmund
  4597 | D:4      | Killed Edmund
  4952 | D:4      | Noticed Grinder
  4964 | D:4      | Killed Grinder
  4964 | D:4      | Reached skill level 9 in Polearms
  4964 | D:4      | Reached XP level 8. HP: 54/61 MP: 8/8
  5251 | D:4      | Reached skill level 5 in Fighting
  5325 | D:5      | Entered Level 5 of the Dungeon
  5594 | D:5      | Reached skill level 1 in Shields
  5700 | D:5      | Noticed Blork the orc
  5712 | D:5      | Killed Blork the orc
  5724 | D:5      | Reached skill level 10 in Polearms
  6357 | D:6      | Found a staircase to the Ecumenical Temple.
  6376 | Temple   | Entered the Ecumenical Temple
  6534 | Temple   | Became a worshipper of Hepliaklqana the Forgotten
  6865 | D:6      | Found a transporter.
  7030 | D:6      | Found a transporter.
  7105 | D:6      | Reached XP level 9. HP: 62/62 MP: 9/9
  7313 | D:6      | Killed from afar by an electric eel

Vault maps used:
D:1:      lightli_arrival_windingriver, serial_co_window_serial,
          co_window_paths_a, co_window_paths_a, co_window_paths_a,
          co_window_of_opportunity_a, co_window_corner_a, co_window_paths_b,
          co_window_2corner, co_window_corner_cb, co_window_paths_c,
          co_window_broadway_c, glass_columns_a, glass_columns_b,
          glass_columns_a, glass_columns_b, glass_columns_b
D:2:      st_stairs_14, uniq_crazy_yiuf_cottage, uniq_sigmund
D:3:      tgw_xom, uniq_robin
D:4:      kennysheep_mini, lightli_minifort, uniq_ijyb, uniq_eustachio,
          uniq_edmund, uniq_grinder
D:5:      first_ration, uniq_blork_the_orc
D:6:      gammafunk_steamed_eel, minmay_temple_entry_tees
Temple:   minmay_crystal_snake_temple

Skill      XL: |  1  2  3  4  5  6  7  8 |
---------------+-------------------------+-----
Polearms       | 5 7 9 10 | 10.3
Armour         | 1 2 3 |  3.6
Fighting       | 3 4 5 |  5.8
Dodging        | 5 6 7 |  7.0
Shields        | 3 |  3.3
Throwing       | |  2.0

Action                   |  1- 3 |  4- 6 |  7- 9 || total
-------------------------+-------+-------+-------++-------
Melee: Trident           |   109 |   157 |   251 ||   517
 Fire: Hunting sling     |     6 |     2 |     2 ||    10
       Fustibalus        |       |       |    19 ||    19
Throw: Tomahawk          |       |     5 |     5 ||    10
Invok: Recall Ancestor   |       |       |     1 ||     1
Evoke: Wand              |       |     1 |       ||     1
  Use: Scroll            |       |    10 |     6 ||    16
  Eat: Chunk             |     4 |     6 |    10 ||    20
Armor: Ring mail         |    29 |    40 |    52 ||   121
       Leather armour    |     1 |       |       ||     1
Dodge: Dodged            |    84 |    63 |    87 ||   234
Block: Shield            |       |       |    38 ||    38

Table legend:
 A = Non-vault XP
 B = Vault XP
 C = Vault XP percentage of total XP
 D = Non-vault monster count
 E = Vault monster count
 F = Vault count percentage of total count
                 A         B        C        D         E       F
            +---------+---------+-------+---------+---------+-------
      Total |    1285 |    1189 |  48.1 |      85 |      32 |  27.4
            +---------+---------+-------+---------+---------+-------
        D:1 |      42 |       0 |   0.0 |      14 |       0 |   0.0
        D:2 |      28 |     258 |  90.2 |      14 |       4 |  22.2
        D:3 |      60 |      46 |  43.4 |      11 |      19 |  63.3
        D:4 |     291 |     791 |  73.1 |      15 |       8 |  34.8
        D:5 |     475 |      94 |  16.5 |      15 |       1 |   6.2
        D:6 |     389 |       0 |   0.0 |      16 |       0 |   0.0
            +---------+---------+-------+---------+---------+-------
